 Dungeon Crawl Stone Soup version 0.23.2-33-g5129a83184 (webtiles) character file.

Game seed: 3094369224148074644

49 DildoBatman the Magician (level 4, 0/30 HPs)
             Began as a Formicid Wizard on Aug 12, 2019.
             Slain by a giant cockroach (1 damage)
             ... on level 3 of the Dungeon.
             The game lasted 00:04:06 (1743 turns).

DildoBatman the Magician (Formicid Wizard)          Turns: 1743, Time: 00:04:07

Health: 0/30       AC:  2    Str: 12    XL:     4   Next: 2%
Magic:  12/17      EV: 12    Int: 18    God:
Gold:   59         SH:  0    Dex:  9    Spells: 2/9 levels left

rFire    . . .     SeeInvis +   s - +0 short sword
rCold    . . .     Gourm    .   (no shield)
rNeg     . . .     Faith    .   a - +0 robe
rPois    .         Spirit   .   (helmet unavailable)
rElec    .         Reflect  .   (no cloak)
rCorr    .         Harm     .   (no gloves)
MR       .....                  (no boots)
Stlth    ++........             (no amulet)
HPRegen  0.10/turn              q - ring of magical power
MPRegen  0.15/turn              (no ring)

@: lethally poisoned (0 -> -2)
A: permanent stasis, dig shafts and tunnels, four strong arms, antennae 3
a: Dig, Shaft Self


You were on level 3 of the Dungeon.
You were not hungry.

You visited 1 branch of the dungeon, and saw 3 of its levels.

You collected 59 gold pieces.

Inventory:

Hand Weapons
 h - a +0 hunting sling
 s - a +0 short sword (weapon)
Missiles
 e - 97 arrows
 g - 44 sling bullets
 m - 118 stones (quivered)
 p - 12 bolts
Armour
 a - a +0 robe (worn)
Jewellery
 q - a ring of magical power (left hand)
Scrolls
 c - 5 scrolls of identify {unknown}
 i - a scroll of amnesia {unknown}
 j - a scroll of blinking {unknown}
 k - a scroll of teleportation {unknown}
 u - 2 scrolls of immolation {unknown}
 w - a scroll of remove curse {unknown}
Potions
 b - a potion of heal wounds {unknown}
 d - a potion of mutation {unknown}
 f - a potion of might {unknown}
 l - 2 potions of flight {unknown}
 n - a potion of resistance {unknown}
 o - a potion of ambrosia {unknown}
 r - a potion of curing {unknown}
Comestibles
 t - a chunk of flesh
 v - 9 rations


   Skills:
 - Level 1.7 Dodging
 - Level 2.4 Stealth
 - Level 3.2 Spellcasting
 * Level 3.2 Conjurations
   Level 1.0 Summonings
   Level 0.8 Translocations


You had 2 spell levels left.
You knew the following spells:

 Your Spells              Type           Power        Failure   Level  Hunger
a - Conjure Flame         Conj/Fire      #.......     24%         3    ###....
c - Magic Dart            Conj           ##..         4%          1    None
e - Mephitic Cloud        Conj/Pois/Air  #.......     30%         3    ###....

Your spell library contained the following spells:

 Spells                   Type           Power        Failure   Level  Hunger
 Call Imp                 Summ           #.......     16%         2    ##.....
 Slow                     Hex            #.......     24%         2    ##.....
 Blink                    Tloc           Unusable     N/A         2    N/A

Dungeon Overview and Level Annotations

Branches:
Dungeon (3/15)

Altars:
Fedhas

Annotations:
D:2 Sigmund


Innate Abilities, Weirdness & Mutations

You cannot be hasted, slowed, berserked, paralysed or teleported.
You can dig through walls and to a lower floor.
Your four strong arms can wield two-handed weapons with a shield.
You have a pair of large antennae on your head. (SInv)


Message History

What are your orders? t - Shout!
Orders for allies: a - Attack new target. r - Retreat! s - Stop attacking. g - Guard the area. f - Follow me.
Anything else - Cancel.
You shout for attention!
You feel sick. The adder completely misses you.
The giant cockroach bites you but does no damage.
What are your orders? t - Shout!
Orders for allies: a - Attack new target. r - Retreat! s - Stop attacking. g - Guard the area. f - Follow me.
Anything else - Cancel.
You shout for attention!
The adder bites you. The giant cockroach bites you.
You die...

##..### ##.÷######..
#####.# #...........
......# #...########
⌠.....# #...#######.
....... #...........
.S>.⌠.# #..#########
......#
#..##########⌠.....#
#.....s@S.......†#
#.###########.##.#
#. ... #. ###.# ## #


You could see an adder and a giant cockroach.

Vanquished Creatures
  An adder (D:3)
  An ooze (D:3)
  2 dart slugs (D:1)
  A leopard gecko (D:3)
  2 giant cockroaches (D:2)
  3 goblins
  4 hobgoblins
  2 jackals (D:2)
  7 frilled lizards
  2 kobolds
  8 rats
33 creatures vanquished.

Notes
Turn   | Place    | Note
-------+----------+-------------------------------------------
     0 | D:1      | DildoBatman the Formicid Wizard began the quest for the
                  | Orb.
     0 | D:1      | Reached XP level 1. HP: 13/13 MP: 4/4
    10 | D:1      | Reached skill level 1 in Conjurations
    80 | D:1      | Reached XP level 2. HP: 19/19 MP: 4/6
  1069 | D:2      | Reached XP level 3. HP: 22/24 MP: 1/7
  1074 | D:2      | Learned a level 3 spell: Conjure Flame
  1078 | D:2      | Learned a level 3 spell: Mephitic Cloud
  1158 | D:2      | Found a blossoming altar of Fedhas.
  1221 | D:2      | Noticed Sigmund
  1724 | D:3      | Reached XP level 4. HP: 19/30 MP: 8/8
  1743 | D:3      | HP: 1/30 [adder (3)]
  1743 | D:3      | Slain by a giant cockroach

Skill      XL: |  1  2  3 |
---------------+----------+-----
Conjurations   | 1 2 3 |  3.2
Dodging        | |  1.7
Stealth        | |  2.4
Spellcasting   | |  3.2
Summonings     | |  1.0
Translocations | |  0.8

Action                   |  1- 3 |  4- 6 || total
-------------------------+-------+-------++-------
Melee: Unarmed           |     7 |       ||     7
       Club              |    11 |       ||    11
       Short sword       |     1 |       ||     1
 Cast: Magic Dart        |    68 |     1 ||    69
       Conjure Flame     |     1 |       ||     1
 Abil: Dig               |     1 |       ||     1
  Eat: Chunk             |     3 |       ||     3
Armor: Robe              |     9 |     9 ||    18
Dodge: Dodged            |    20 |    15 ||    35
